 Dungeon Crawl Stone Soup version 0.28-a0-1038-g9c4cb8273d (webtiles) character file.

Game seed: 13344060826891957383

172 mainiacjoe the Poker (level 5, -3/43 HPs)
             Began as a Merfolk Monk on Dec 9, 2021.
             Killed from afar by Sigmund (4 damage)
             ... with a puff of flame
             ... on level 3 of the Dungeon.
             The game lasted 00:03:16 (2430 turns).

mainiacjoe the Poker (Merfolk Monk)                 Turns: 2430, Time: 00:03:17

Health: -3/43      AC:  6    Str: 14    XL:     5   Next: 53%
Magic:  5/5        EV: 10    Int:  9    God:
Gold:   67         SH:  0    Dex: 16    Spells: 4/4 levels left

rFire   . . .      SeeInvis .   a - +0 spear
rCold   . . .      Faith    .   (no shield)
rNeg    . . .      Spirit   .   d - +0 scale mail
rPois   .          Reflect  .   (no helmet)
rElec   .          Harm     .   (no cloak)
rCorr   .          Rampage  .   (no gloves)
Will    .....                   (no boots)
Stlth   +.........              (no amulet)
HPRegen 0.14/turn               (no ring)
MPRegen 0.09/turn               (no ring)

@: no status effects
A: (nimble swimmer 2), mertail
a: no special abilities


You were on level 3 of the Dungeon.
You visited 1 branch of the dungeon, and saw 3 of its levels.

You collected 67 gold pieces.

Inventory:

Hand Weapons
 a - a +0 spear (weapon)
Missiles
 e - 30 sling bullets
 i - 32 bolts
 l - 23 arrows
 m - 47 stones (quivered)
Armour
 b - a +0 robe
 d - a +0 scale mail (worn)
 k - a +0 chain mail
Wands
 o - a wand of iceblast (4)
Scrolls
 g - a scroll of teleportation {unknown}
 h - a scroll of immolation {unknown}
Potions
 c - a potion of cancellation
 f - a potion of resistance {unknown}
 n - 2 potions of curing


   Skills:
 + Level 4.5 Fighting
 * Level 7.4 Polearms
 - Level 4.1 Dodging
 - Level 2.4 Stealth


You had 4 spell levels left.
You didn't know any spells.
Your spell library contained the following spells:

 Spells                   Type           Power      Damage    Failure   Level
 Static Discharge         Conj/Air       0%         N/A       95%         2
 Lightning Bolt           Conj/Air       0%         1d11      100%        5
 Maxwell's Capacitive Co  Air            0%         ∞         100%        8


Dungeon Overview and Level Annotations

Branches:
Dungeon (3/15)

Altars:

Annotations:
D:3 Sigmund


Innate Abilities, Weirdness & Mutations

((You are quick and stealthy near water. (Stealth+, EV+, Speed+++)))
Your lower body shifts to a powerful aquatic tail in water.


Message History

You hit something.
The quokka bites you but does no damage.
You closely miss something. The quokka closely misses you.
Something hits you but does no damage.
You closely miss something. The quokka barely misses you.
You closely miss something. Something hits you.
You hit something but do no damage. The quokka closely misses you.
You barely miss something.
The quokka twitches its whiskers.
The quokka bites you but does no damage.
You closely miss something. Something hits you. The quokka barely misses you.
You hit something.
The quokka bites you but does no damage.
You barely miss something. Something hits you. The quokka bites you.
You hit something. The quokka barely misses you. Something hits you!
* * * LOW HITPOINT WARNING * * *
You completely miss something.
The quokka bites you but does no damage.
You closely miss something. The quokka closely misses you.
Something hits you but does no damage.
You miss something. You completely miss something. The quokka bites you.
* * * LOW HITPOINT WARNING * * *
Something hits you.
* * * LOW HITPOINT WARNING * * *
You miss something. The quokka bites you.
* * * LOW HITPOINT WARNING * * *
You hit something. The quokka misses you.
Something hits you but does no damage.
You barely miss something. The quokka completely misses you.
You miss something. The quokka misses you.
Something hits you but does no damage.
You closely miss something. The quokka bites you.
* * * LOW HITPOINT WARNING * * *
You hit something. The quokka barely misses you.
You puncture something!
You hear some strange, mumbled words.
A puff of flame appears from out of thin air!
The puff of flame hits you.
You die...

#.......... ##......#.#
#.......... ........#.#
#.......... ........#.#
#..........
#.......#.####......<...
.........[...###.........
...((.......####.....##.
###.....{r.(...#
##.###### ....# ##@(#
...###### #..###.(##
###....... #......##
######## ##...÷##
.######## #....#
........### ####.#
#######...## #.# ###...
#.# ##.. #.# #####..


You could see a quokka.

Vanquished Creatures
  A necrophage (D:3)
  2 adders (D:2)
  A gnoll (D:1)
  A worm (D:2)
  4 dart slugs (D:2)
  2 bats
  5 endoplasms
  A giant cockroach (D:1)
  4 goblins
  4 hobgoblins (D:1)
  2 kobolds
  2 quokkas
  4 ball pythons
  5 frilled lizards (D:1)
  8 rats
46 creatures vanquished.

Notes
Turn   | Place    | Note
-------+----------+-------------------------------------------
     0 | D:1      | mainiacjoe the Merfolk Monk began the quest for the Orb.
     0 | D:1      | Reached XP level 1. HP: 18/18 MP: 1/1
    11 | D:1      | Found a faded altar of an unknown god.
   300 | D:1      | Reached XP level 2. HP: 24/24 MP: 2/2
   466 | D:1      | Reached skill level 5 in Polearms
   688 | D:1      | Reached XP level 3. HP: 30/30 MP: 3/3
  1438 | D:2      | Reached skill level 6 in Polearms
  1638 | D:2      | Reached XP level 4. HP: 37/37 MP: 4/4
  2191 | D:3      | Noticed a necrophage
  2216 | D:3      | Killed a necrophage
  2217 | D:3      | Reached skill level 7 in Polearms
  2217 | D:3      | Reached XP level 5. HP: 32/43 MP: 5/5
  2398 | D:3      | Noticed Sigmund
  2424 | D:3      | HP: 2/43 [quokka (1)]
  2430 | D:3      | Killed from afar by Sigmund

Illustrated notes

Levels and vault maps discovered:
D:1:      wander_arrival_fairy_ring, layout_loops_ring,
          ebering_ecumenical_altar_abandoned, minmay_stone_trees_large,
          chequers_arboretum
D:2:      layout_rooms, chequers_serial_rivers_micro_e, st_stairs_7
D:3:      layout_rooms, uniq_sigmund

Skill      XL: |  1  2  3  4 |
---------------+-------------+-----
Polearms       | 5 6 7 |  7.4
Fighting       | 4 |  4.5
Dodging        | |  4.1
Stealth        | |  2.4

Action                   |  1- 3 |  4- 6 || total
-------------------------+-------+-------++-------
Melee: Spear             |   107 |    87 ||   194
       Tailslap          |       |     1 ||     1
Throw: Stone             |    81 |    16 ||    97
  Use: Scroll            |       |     2 ||     2
 Stab: Sleeping          |     1 |       ||     1
Armor: Robe              |     3 |       ||     3
       Chain mail        |     8 |       ||     8
       Scale mail        |       |    19 ||    19
Dodge: Dodged            |    27 |    38 ||    65

Table legend: (Time is in decaauts)
 A = Elapsed time spent in this place.
 B = Non-inter-level travel time spent in this place.
 C = Inter-level travel time spent in this place.
 D = Time resting spent in this place.
 E = Time spent auto-exploring this place.
 F = Levels seen in this place.
 G = Mean time per level.
                   A        B        C        D        E       F      G
               +--------+--------+--------+--------+--------+-----+--------+
         Total |   2402 |   2375 |     27 |    484 |   1481 |   3 |  800.7 |
       Dungeon |   2402 |   2375 |     27 |    484 |   1481 |   3 |  800.7 |
               +--------+--------+--------+--------+--------+-----+--------+

Top non-repeatable levels by time:
     D:2: 1044 daAuts
     D:1: 1033 daAuts
     D:3: 324 daAuts
